 Dungeon Crawl Stone Soup version 0.20.1-1-g8b1a95d (webtiles) character file.

2499 dohliylev the Covert (level 9, -6/56 (57) HPs)
             Began as a Vampire Enchanter on Dec 21, 2017.
             Was a Follower of Makhleb.
             Mangled by a killer bee (10 damage)
             ... on level 6 of the Dungeon.
             The game lasted 00:21:27 (6776 turns).

dohliylev the Covert (Vampire Enchanter)            Turns: 6776, Time: 00:21:27

HP:   -6/56 (57)    AC:  3    Str:  7    XL:     9   Next: 28%
MP:   0/12          EV: 17    Int: 29    God:    Makhleb [*.....]
Gold: 277           SH:  0    Dex: 14    Spells: 6/12 levels left

rFire    + . .     SeeInvis +   a - +4 dagger
rCold    + . .     Gourm    .   (no shield)
rNeg     + . .     Faith    .   b - +0 robe
rPois    +         Spirit   .   (no helmet)
rElec    +         Reflect  .   (no cloak)
rCorr    +         Harm     .   x - +0 pair of gloves of the Lich-sworn {rElec Str-5 Int+8}
MR       .....                  (no boots)
Stlth    +++++.....             (no amulet)
Regen    0.2/turn               (no ring)
MPRegen  0.2/turn               A - ring of flight

@: mighty, lethally poisoned (-6 -> -7), resistant, hasted, very quick
A: fangs 3, see invisible, unbreathing
a: Bat Form, Renounce Religion, Evoke Flight


You were on level 6 of the Dungeon.
You worshipped Makhleb.
Makhleb was aware of your devotion.
You were not thirsty.

You visited 2 branches of the dungeon, and saw 8 of its levels.

You collected 277 gold pieces.

Inventory:

Hand Weapons
 a - a +4 dagger (weapon)
Armour
 b - a +0 robe (worn)
 x - the +0 pair of gloves of the Lich-sworn (worn) {rElec Str-5 Int+8}
   (You found it on level 4 of the Dungeon)

   It affects your strength (-5).
   It affects your intelligence (+8).
   It insulates you from electricity.
Jewellery
 z - a cursed ring of loudness {unknown}
 A - a ring of flight (right hand)
 E - an uncursed ring of positive energy {unknown}
Wands
 B - a wand of disintegration (9/24)
Scrolls
 e - 5 scrolls of teleportation
 i - a scroll of recharging {unknown}
 k - 2 scrolls of identify {unknown}
 n - 2 scrolls of random uselessness {unknown}
 q - a scroll of blinking {unknown}
 s - 3 scrolls of remove curse
 u - 3 scrolls of fog {unknown}
 y - 2 scrolls of enchant armour {unknown}
 F - a scroll of fear {unknown}
Potions
 d - 17 potions of blood
 f - a potion of might
 g - a potion of resistance
 h - a potion of haste
 j - 4 potions of curing {unknown}
 l - a potion of agility {unknown}
 m - a potion of cancellation {unknown}
 o - a potion of heal wounds {unknown}
 p - 2 potions of flight {unknown}
 r - 2 potions of degeneration {unknown}
 t - a potion of berserk rage {unknown}
 v - 2 potions of lignification {unknown}
 w - a potion of mutation {unknown}
 C - 2 potions of brilliance {unknown}
Books
 c - a book of Maledictions

   Spells                             Type                      Level
   a - Corona                         Hexes                        1
   b - Ensorcelled Hibernation        Hexes/Ice                    2
   c - Confuse                        Hexes                        3
   d - Tukima's Dance                 Hexes                        3
   e - Dazzling Spray                 Conjuration/Hexes            3
 D - a book of Necromancy

   Spells                             Type                      Level
   a - Pain                           Necromancy                   1
   b - Animate Skeleton               Necromancy                   1
   c - Vampiric Draining              Necromancy                   3
   d - Regeneration                   Charms/Necromancy            3
   e - Animate Dead                   Necromancy                   4
   f - Control Undead                 Necromancy                   4


   Skills:
 + Level 3.7 Short Blades
 - Level 8.0 Dodging
 - Level 11.0 Stealth
 - Level 2.0 Spellcasting
 - Level 11.0 Hexes
 - Level 1.0 Invocations


You had 6 spell levels left.
You knew the following spells:

 Your Spells              Type           Power        Failure   Level  Hunger
a - Corona                Hex            ######.      1%          1    None
b - Ensorcelled Hibernat  Hex/Ice        ####..       1%          2    ##.....
c - Confuse               Hex            ######..     1%          3    ###....


Dungeon Overview and Level Annotations

Branches:
Dungeon (7/15)             Temple (1/1) D:5

Altars:
Ashenzari
Cheibriados
Dithmenos
Elyvilon
Fedhas
Gozag
Hepliaklqana
Makhleb
Nemelex Xobeh
Qazlal
Ru
Sif Muna
Trog
Uskayaw
Vehumet
Xom
Yredelemnul
Zin
The Shining One

Shops:
D:5 :


Innate Abilities, Weirdness & Mutations

You have razor-sharp teeth.
You have supernaturally acute eyesight. (SInv)
You can survive without breathing.


Message History

Aiming: Ensorcelled Hibernation
Press: ? - help, Shift-Dir - straight line, f - killer bee
Aim: a killer bee (moderately wounded, chance to defeat MR: 71%)
The killer bee struggles to resist.
You feel sick. The killer bee misses you. The killer bee barely misses you.
You feel very mighty all of a sudden. The killer bee completely misses you.
The killer bee closely misses you.
You closely miss the killer bee.
The killer bee is moderately wounded.
You feel sick. The killer bee closely misses you. The killer bee stings you!
* * * LOW HITPOINT WARNING * * *
You miss the killer bee.
The killer bee is moderately wounded.
The killer bee closely misses you. The killer bee misses you.
It was a potion of resistance.
You feel protected. The killer bee closely misses you.
The killer bee completely misses you.
It was a potion of haste.
You feel yourself speed up.
You feel sick. The killer bee stings you!
You die...

#...♣♣♣♣♣♣ #.#♣♣ ####### #.#
......####.########
#####....†.##.....#
######.######.....#
.................>#
#######.####.####y###### #..#
#.# #@......# ##.###.#
#.......# #..##.###.......#
##.##.##........#
#.##.##.############# ####
####.##.##.............# ...#
#.##...................#
...###.##.....##.%..........#
...#..........##..<.........#


You could see a killer bee.

Vanquished Creatures
  A troll (D:5)
  2 hippogriffs (D:7)
  Eustachio (D:6)
  Menkaure (D:5)
  A sky beast (D:6)
  A necrophage (D:6)
  3 ogres
  A phantom (D:5)
  A centaur (D:7)
  2 bullfrogs (D:6)
  2 scorpions
  2 killer bees (D:7)
  A howler monkey (D:5)
  A bullfrog zombie (D:5)
  3 crimson imps
  A centaur zombie (D:6)
  A bullfrog skeleton (D:7)
  4 hounds
  An iguana (D:6)
  4 orc wizards
  3 worker ants
  A worker ant zombie (D:3)
  10 adders
  2 shadow imps
  An adder skeleton (D:4)
  5 worms
  2 dart slugs (D:2)
  4 leopard geckos
  12 orcs
  A bat zombie (D:7)
  3 giant cockroaches
  6 goblins
  9 hobgoblins
  7 jackals
  3 quokkas
  3 ball pythons
  7 bats
  10 frilled lizards
  2 kobolds
  A quokka zombie (D:6)
  10 rats
136 creatures vanquished.

Notes
Turn   | Place    | Note
-------+----------+-------------------------------------------
     0 | D:1      | dohliylev the Vampire Enchanter began the quest for the Orb.
     0 | D:1      | Reached XP level 1. HP: 13/13 MP: 3/3
   178 | D:1      | Reached skill level 5 in Stealth
   221 | D:1      | Reached XP level 2. HP: 11/19 MP: 1/5
   225 | D:1      | Learned a level 2 spell: Ensorcelled Hibernation
  1298 | D:2      | Reached XP level 3. HP: 24/24 MP: 1/6
  1663 | D:2      | Found a radiant altar of Vehumet.
  2046 | D:3      | Reached XP level 4. HP: 30/30 MP: 7/7
  2869 | D:3      | Reached XP level 5. HP: 35/35 MP: 8/8
  3063 | D:3      | Found a sparkling altar of Nemelex Xobeh.
  3066 | D:3      | Found a sacrificial altar of Ru.
  3069 | D:3      | Found a shimmering altar of Xom.
  3230 | D:4      | Got a pair of spiked gloves
  3476 | D:4      | Reached skill level 10 in Stealth
  3676 | D:4      | Reached XP level 6. HP: 41/41 MP: 2/9
  4278 | D:5      | Entered Level 5 of the Dungeon
  4288 | D:5      | Found Ufumutin's Book Shoppe.
  4291 | D:5      | Reached skill level 5 in Hexes
  4363 | D:5      | Learned a level 3 spell: Confuse
  4383 | D:5      | Reached XP level 7. HP: 33/46 MP: 5/10
  4594 | D:5      | Found a staircase to the Ecumenical Temple.
  4603 | Temple   | Entered the Ecumenical Temple
  4786 | Temple   | Became a worshipper of Makhleb the Destroyer
  5031 | D:5      | Noticed a troll
  5042 | D:5      | Killed a troll
  5219 | D:6      | Noticed Eustachio
  5226 | D:6      | Killed Eustachio
  5226 | D:6      | Reached skill level 10 in Hexes
  5226 | D:6      | Reached XP level 8. HP: 52/52 MP: 6/11
  5307 | D:5      | Identified the cursed +0 pair of gloves of the Lich-sworn {rElec Str-5 Int+8} (You found it on level 4 of the Dungeon)
  5562 | D:6      | Reached skill level 1 in Invocations
  5730 | D:6      | Noticed Menkaure
  6018 | D:6      | Reached skill level 5 in Dodging
  6229 | D:5      | Killed Menkaure
  6289 | D:6      | Reached * piety under Makhleb
  6318 | D:6      | Found a blossoming altar of Fedhas.
  6462 | D:7      | Noticed a hippogriff
  6495 | D:7      | Noticed a hippogriff
  6497 | D:7      | Killed a hippogriff
  6497 | D:7      | Reached XP level 9. HP: 56/56 MP: 12/12
  6776 | D:6      | Mangled by a killer bee

Skill      XL: |  1  2  3  4  5  6  7  8  9 |
---------------+----------------------------+-----
Stealth        | 5 6 7 8 10 11 | 11.0
Hexes          | 6 10 11 | 11.0
Short Blades   | 2 3 |  3.7
Dodging        | 7 8 |  8.0
Invocations    | 1 |  1.0
Spellcasting   | |  2.0

Action                   |  1- 3 |  4- 6 |  7- 9 || total
-------------------------+-------+-------+-------++-------
Melee: Dagger            |    82 |    86 |    83 ||   251
       Bite              |     9 |     3 |       ||    12
 Cast: Corona            |    10 |     2 |     2 ||    14
       Ensorcelled Hiber |    20 |    49 |    49 ||   118
       Confuse           |       |     2 |    13 ||    15
 Abil: End Transformatio |       |       |     1 ||     1
       Bat Form          |       |       |     1 ||     1
  Use: Potion            |       |     1 |     5 ||     6
       Scroll            |       |       |     2 ||     2
 Stab: Sleeping          |    25 |    36 |    41 ||   102
       Confused          |       |     1 |     9 ||    10
       Distracted        |       |       |     1 ||     1
  Eat: Corpse            |     2 |    17 |     4 ||    23
Armor: Robe              |    16 |    10 |    11 ||    37
Dodge: Dodged            |    48 |    43 |    53 ||   144
